 Dungeon Crawl Stone Soup version 0.26.1-11-gd32895ea62 (webtiles) character file.

Game seed: 6346767883926156136

219 TheGreatAnchovy the Covert (level 5, 0/38 HPs)
             Began as a Vampire Brigand on Apr 22, 2021.
             Slain by an orc warrior
             ... wielding a +0 flail
              (10 damage)
             ... on level 4 of the Dungeon.
             The game lasted 00:07:58 (3442 turns).

TheGreatAnchovy the Covert (Vampire Brigand)        Turns: 3442, Time: 00:07:59

Health: 0/38       AC:  3    Str: 12    XL:     5   Next: 64%
Magic:  5/5        EV: 13    Int: 13    God:
Gold:   238        SH:  0    Dex: 17    Spells: 4/4 levels left

rFire    + . .     SeeInvis +   a - +2 dagger
rCold    + . .     Faith    .   (no shield)
rNeg     . . .     Spirit   .   b - +0 robe
rPois    .         Reflect  .   (helmet restricted)
rElec    .         Harm     .   c - +0 cloak
rCorr    .         Rampage  .   (no gloves)
Will     .....                  (no boots)
Stlth    ++++......             (no amulet)
HPRegen  0.32/turn              o - ring of protection from cold
MPRegen  0.09/turn              (no ring)

@: regenerating quickly
A: fangs 3, horns 1, see invisible, fire resistance 1, strong 1, unbreathing,
MP-powered wands
a: Exsanguinate


You were on level 4 of the Dungeon.
You visited 1 branch of the dungeon, and saw 4 of its levels.

You collected 238 gold pieces.

Inventory:

Hand Weapons
 a - a +2 dagger (weapon)
Missiles
 d - 8 poisoned darts (quivered)
 e - 2 curare-tipped darts
Armour
 b - a +0 robe (worn)
 c - a +0 cloak (worn)
 m - a cursed +0 helmet
Jewellery
 o - a ring of protection from cold (left hand)
 p - an uncursed ring of positive energy
Wands
 g - a wand of polymorph (6)
Scrolls
 f - 2 scrolls of remove curse
 h - a scroll of amnesia
 i - a scroll of noise
 k - 2 scrolls of teleportation
Potions
 l - a potion of mutation


   Skills:
 + Level 2.3 Fighting
 + Level 3.3 Short Blades
 - Level 1.5 Throwing
 * Level 2.6 Dodging
 * Level 8.9 Stealth


You had 4 spell levels left.
You didn't know any spells.
Your spell library was empty.

Dungeon Overview and Level Annotations

Branches:
Dungeon (4/15)
 Temple: D:4-7

Altars:
Nemelex Xobeh
Sif Muna


Innate Abilities, Weirdness & Mutations

Your natural rate of healing is unusually fast.
You have razor-sharp teeth.
You have supernaturally acute eyesight. (SInv)
You can survive without breathing.
You have a pair of small horns on your head.
Your flesh is heat resistant. (rF+)
Your muscles are strong. (Str +2)
You expend magic power (3 MP) to strengthen your wands.


Message History

The orc warrior hits you with a +0 flail.
You hit the orc warrior but do no damage.
The orc warrior is lightly wounded.
You hit the orc warrior but do no damage.
You headbutt the orc warrior. Your bite misses the orc warrior.
The orc warrior is lightly wounded.
The orc warrior hits you with a +0 flail!
* * * LOW HITPOINT WARNING * * *
You are too injured to fight recklessly!
You are too injured to fight recklessly!
Really quaff the potion of mutation?
You feel extremely strange.
Your magical essence no longer links to wands of the dungeon.
You feel stronger.
You no longer feel heat resistant.
You feel stronger.
You feel resistant to heat.
You feel your magical essence link to the dungeon's wands.
The orc wizard gestures wildly while chanting.
The orc wizard seems to speed up.
The orc warrior hits you with a +0 flail!
You die... . .. #. .###. ..# ###.##..... ..# ........O# #.# ### .. #. ..... oo#

#.####.. #.##.## #.#.# #o#
#.#..).. o.....####.#.###o#
#.#.##.#
$..........รท.##@#########....#.#
#...###.......)...........#...#
#.......#<.##.########..###...
##..###.##$.##.# ##..#(...
#.......##o.#..< ##....#..
#..o######o.#.#. ##.#..##..
#..oooo..oo.#. . #.###.##..
#..###o####.## ## ##.#.###..
.......o........ ##.## #..


You could see an orc warrior, an ogre, an orc wizard (fast) and 2 orcs.

Vanquished Creatures
  A hound (D:3)
  An iguana (D:4)
  Terence (D:2)
  4 adders
  A gnoll (D:1)
  An ooze (D:3)
  2 worms (D:2)
  2 dart slugs
  A leopard gecko (D:2)
  11 orcs
  A ball python (D:3)
  3 giant cockroaches
  3 goblins (D:1)
  8 hobgoblins
  3 jackals
  7 kobolds
  A quokka (D:2)
  8 bats
  9 frilled lizards
  A quokka skeleton (D:4)
  3 rats
72 creatures vanquished.

Notes
Turn   | Place    | Note
-------+----------+-------------------------------------------
     0 | D:1      | TheGreatAnchovy the Vampire Brigand began the quest for the
                  | Orb.
     0 | D:1      | Reached XP level 1. HP: 16/16 MP: 1/1
     6 | D:1      | Noticed a killer bee
     6 | D:1      | Noticed a black bear
     6 | D:1      | Noticed a lindwurm
     7 | D:1      | Noticed a wyvern
    42 | D:1      | Reached skill level 6 in Stealth
   180 | D:1      | Reached XP level 2. HP: 20/22 MP: 2/2
   505 | D:1      | Reached skill level 7 in Stealth
   505 | D:1      | Reached XP level 3. HP: 5/27 MP: 3/3
  1235 | D:2      | Noticed Terence
  1246 | D:2      | Killed Terence
  1247 | D:2      | Reached XP level 4. HP: 33/33 MP: 4/4
  1703 | D:2      | Gained mutation: You have a pair of small horns on your
                  | head. [potion of mutation]
  1703 | D:2      | Gained mutation: You are weak. (Str -2) [potion of
                  | mutation]
  1703 | D:2      | Gained mutation: Your flesh is heat resistant. (rF+)
                  | [potion of mutation]
  1703 | D:2      | Gained mutation: You expend magic power (3 MP) to
                  | strengthen your wands. [potion of mutation]
  2061 | D:3      | Found a shimmering blue altar of Sif Muna.
  2206 | D:3      | Reached skill level 8 in Stealth
  2297 | D:3      | Found a sparkling altar of Nemelex Xobeh.
  2615 | D:3      | Reached XP level 5. HP: 38/38 MP: 5/5
  3002 | D:4      | Noticed an orc warrior
  3438 | D:4      | Noticed an ogre
  3442 | D:4      | Lost mutation: You expend magic power (3 MP) to strengthen
                  | your wands. [potion of mutation]
  3442 | D:4      | Lost mutation: You are weak. (Str -2) [potion of mutation]
  3442 | D:4      | Lost mutation: Your flesh is heat resistant. (rF+) [potion
                  | of mutation]
  3442 | D:4      | Gained mutation: Your muscles are strong. (Str +2) [potion
                  | of mutation]
  3442 | D:4      | Gained mutation: Your flesh is heat resistant. (rF+)
                  | [potion of mutation]
  3442 | D:4      | Gained mutation: You expend magic power (3 MP) to
                  | strengthen your wands. [potion of mutation]
  3442 | D:4      | Slain by an orc warrior

Illustrated notes

Levels and vault maps discovered:
D:1:      onia_arrival_zoo_common, layout_basic
D:2:      minmay_alternating_diamond, layout_loops_corners, uniq_terence
D:3:      layout_basic, overflow_temple_1_default, general_overflow_altar
D:4:      kennysheep_goblin_castle, layout_loops_ring, gup_sewer_entry_spiral

Skill      XL: |  1  2  3  4 |
---------------+-------------+-----
Stealth        | 6 7 8 |  8.9
Fighting       | 2 |  2.3
Dodging        | 2 |  2.6
Short Blades   | 3 |  3.3
Throwing       | |  1.5

Action                   |  1- 3 |  4- 6 || total
-------------------------+-------+-------++-------
Melee: Dagger            |    95 |   148 ||   243
       Bite              |     7 |     8 ||    15
       Headbutt          |       |    24 ||    24
  Use: Potion            |     1 |     7 ||     8
       Scroll            |       |     6 ||     6
 Stab: Sleeping          |     5 |    12 ||    17
       Distracted        |       |     2 ||     2
Armor: Robe              |    23 |    25 ||    48
Dodge: Dodged            |    66 |   110 ||   176
